SAAA
SALT LAKE CITY BUZZ @ ATHLETIC CLUB KC RESERVES
07/10/2033
 
TOP OF THE 1ST
Salt Lake City Buzz batting - Pitching for Athletic Club KC Reserves : LHP Ben Skelton
Pitching: LHP Ben Skelton
Batting: RHB Yoichibei Chikafuji 0-0: Swinging Strike
0-1: Ball
1-1: Foul Ball, location: 2F
1-2: Ball
2-2: Fly out, F7 (Flyball, 7S)
Batting: RHB Vicente Cruz 0-0: Ball
1-0: Ball
2-0: Ball
3-0: Base on Balls
Batting: SHB Juan Rivas 0-0: Ball
1-0: Called Strike
1-1: Foul Ball, location: 2F
1-2: Strikes out swinging
Batting: RHB Scott Ramsey 0-0: Ball
1-0: Called Strike
1-1: SINGLE (Flyball, 78S)
Vicente Cruz to second
Batting: RHB Fytor Ceia 0-0: Called Strike
0-1: Called Strike
0-2: Foul Ball, location: 2F
0-2: Ball
1-2: Foul Ball, location: 2F
1-2: Foul Ball, location: 2F
1-2: Ball
2-2: DOUBLE (Groundball, 5L)
Vicente Cruz scores
Scott Ramsey to third
Batting: RHB Luo-lang Li 0-0: Ball
1-0: Ball
2-0: Ball
3-0: Called Strike
3-1: Base on Balls
Batting: LHB Roberto Soto 0-0: Ball
1-0: Foul Ball, location: 2F
1-1: Fly out, F7 (Flyball, 78XD)
Top of the 1st over - 1 run, 2 hits, 0 errors, 3 left on base; Salt Lake City 1 - Athletic Club KC 0
BOTTOM OF THE 1ST
Athletic Club KC Reserves batting - Pitching for Salt Lake City Buzz : RHP Matko Perisc
Pitching: RHP Matko Perisc
Batting: RHB Arturo Annunziato 0-0: Ball
1-0: Swinging Strike
1-1: Called Strike
1-2: Strikes out swinging
Batting: RHB Tasuku Goto 0-0: Called Strike
0-1: Swinging Strike
0-2: Foul Ball, location: 2F
0-2: Strikes out looking
Batting: LHB Onye Mahusay 0-0: Ball
1-0: Foul Ball, location: 2F
1-1: Fly out, F7 (Flyball, 78S)
Bottom of the 1st over - 0 runs, 0 hits, 0 errors, 0 left on base; Salt Lake City 1 - Athletic Club KC 0
TOP OF THE 2ND
Salt Lake City Buzz batting - Pitching for Athletic Club KC Reserves : LHP Ben Skelton
Batting: RHB Christian Gentry 0-0: Ball
1-0: Ball
2-0: Called Strike
2-1: Ground out 4-3 (Groundball, 4M)
Batting: RHB Michael Walters 0-0: Ball
1-0: Ground out 6-3 (Groundball, 6D)
Batting: RHB Yoichibei Chikafuji 0-0: Called Strike
0-1: Ball
1-1: Fly out, F9 (Flyball, 9)
Top of the 2nd over - 0 runs, 0 hits, 0 errors, 0 left on base; Salt Lake City 1 - Athletic Club KC 0
BOTTOM OF THE 2ND
Athletic Club KC Reserves batting - Pitching for Salt Lake City Buzz : RHP Matko Perisc
Batting: LHB Matt Herman 0-0: Called Strike
0-1: Foul Ball, location: 2F
0-2: Ball
1-2: Ground out 4-3 (Groundball, 4)
Batting: LHB Kwang-chih Feng 0-0: Ball
1-0: Ball
2-0: Fly out, F5 (Popup, 56S)
Batting: LHB Tony García 0-0: Ball
1-0: Ball
2-0: Foul Ball, location: 2F
2-1: Foul Ball, location: 2F
2-2: Ground out 4-3 (Groundball, 4)
Bottom of the 2nd over - 0 runs, 0 hits, 0 errors, 0 left on base; Salt Lake City 1 - Athletic Club KC 0
TOP OF THE 3RD
Salt Lake City Buzz batting - Pitching for Athletic Club KC Reserves : LHP Ben Skelton
Batting: RHB Vicente Cruz 0-0: Ball
1-0: Ball
2-0: Called Strike
2-1: Foul Ball, location: 2F
2-2: Strikes out looking
Batting: SHB Juan Rivas 0-0: Ball
1-0: Ball
2-0: Foul Ball, location: 2F
2-1: Foul Ball, location: 2F
2-2: Reached on error, E3 (Groundball, 34)
Batting: RHB Scott Ramsey 0-0: Called Strike
0-1: Ball
1-1: Foul Ball, location: 2F
1-2: Foul Ball, location: 2F
1-2: Ball
2-2: Foul Ball, location: 2F
2-2: Fly out, F8 (Flyball, 8LS)
Batting: RHB Fytor Ceia 0-0: Ball
1-0: Foul Ball, location: 2F
1-1: Ball
2-1: Ground out 6-3 (Groundball, 56)
Top of the 3rd over - 0 runs, 0 hits, 1 error, 1 left on base; Salt Lake City 1 - Athletic Club KC 0
BOTTOM OF THE 3RD
Athletic Club KC Reserves batting - Pitching for Salt Lake City Buzz : RHP Matko Perisc
Batting: LHB Michael Woodard 0-0: Swinging Strike
0-1: Ball
1-1: Foul Ball, location: 2F
1-2: Strikes out swinging
Batting: RHB Tony Osorio 0-0: Foul Ball, location: 2F
0-1: Foul Ball, location: 2F
0-2: Ball
1-2: Ball
2-2: Ball
3-2: Foul Ball, location: 2F
3-2: Foul Ball, location: 2F
3-2: Base on Balls
Batting: SHB Sul-shik Yu 0-0: Fly out, F5 (Popup, 25F)
Batting: RHB Arturo Annunziato 0-0: Ball
1-0: Called Strike
1-1: SINGLE (Groundball, 3) (infield hit)
Tony Osorio to second
Batting: RHB Tasuku Goto 0-0: SINGLE (Line Drive, 78S)
Tony Osorio to third
Arturo Annunziato to second
Runner from 3rd tries for Home, SAFE, no throw
Batting: LHB Onye Mahusay 0-0: Ball
1-0: Ball
2-0: Ball
Passed Ball!
Arturo Annunziato to third
Tasuku Goto to second
3-0: Called Strike
3-1: Ground out 4-3 (Groundball, 4D)
Bottom of the 3rd over - 1 run, 2 hits, 0 errors, 2 left on base; Salt Lake City 1 - Athletic Club KC 1
TOP OF THE 4TH
Salt Lake City Buzz batting - Pitching for Athletic Club KC Reserves : LHP Ben Skelton
Batting: RHB Luo-lang Li 0-0: Called Strike
0-1: Foul Ball, location: 2F
0-2: SINGLE (Groundball, 6MD)
Batting: LHB Roberto Soto 0-0: Fielders Choice at 2nd, 5-4 (Groundball, 56)
Batting: RHB Christian Gentry 0-0: Ball
Roberto Soto steals 2nd base
1-0: Called Strike
1-1: Foul Ball, location: 2F
1-2: Foul Ball, location: 2F
1-2: Ball
2-2: Foul Ball, location: 2F
2-2: Ball
3-2: Strikes out looking
Batting: RHB Michael Walters 0-0: Ball
1-0: Ball
2-0: Called Strike
2-1: Ball
3-1: Base on Balls
Batting: RHB Yoichibei Chikafuji 0-0: Swinging Strike
0-1: Ball
1-1: Ball
2-1: Ground out 4-3 (Groundball, 4)
Top of the 4th over - 0 runs, 1 hit, 0 errors, 2 left on base; Salt Lake City 1 - Athletic Club KC 1
BOTTOM OF THE 4TH
Athletic Club KC Reserves batting - Pitching for Salt Lake City Buzz : RHP Matko Perisc
Batting: LHB Matt Herman 0-0: Ball
1-0: Ball
2-0: Foul Ball, location: 2F
2-1: Foul Ball, location: 2F
2-2: Fly out, F7 (Flyball, 78M)
Batting: LHB Kwang-chih Feng 0-0: Called Strike
0-1: Foul Ball, location: 2F
0-2: Ball
1-2: Ball
2-2: Fly out, F1 (Line Drive, 13)
Batting: LHB Tony García 0-0: Ball
1-0: Ball
2-0: SINGLE (Line Drive, 4D)
Batting: LHB Michael Woodard 0-0: Ball
1-0: Ball
2-0: Ball
3-0: Swinging Strike
3-1: Called Strike
3-2: Reached on error, E4 (Groundball, 4)
Tony García to third
Batting: RHB Tony Osorio 0-0: Swinging Strike
0-1: Ball
1-1: Foul Ball, location: 2F
1-2: Ground out 5-3 (Groundball, 56)
Bottom of the 4th over - 0 runs, 1 hit, 1 error, 2 left on base; Salt Lake City 1 - Athletic Club KC 1
TOP OF THE 5TH
Salt Lake City Buzz batting - Pitching for Athletic Club KC Reserves : LHP Ben Skelton
Batting: RHB Vicente Cruz 0-0: Ball
1-0: Called Strike
1-1: Ball
2-1: Called Strike
2-2: Ground out 4-3 (Groundball, 34)
Batting: SHB Juan Rivas 0-0: Ball
1-0: Ball
2-0: Swinging Strike
2-1: Foul Ball, location: 2F
2-2: Foul Ball, location: 2F
2-2: Strikes out looking
Batting: RHB Scott Ramsey 0-0: Ball
1-0: Ball
2-0: Ball
3-0: Called Strike
3-1: Foul Ball, location: 2F
3-2: Foul Ball, location: 2F
3-2: Base on Balls
Pitching: LHP Jesús Otero
Batting: RHB Fytor Ceia 0-0: Ball
1-0: Swinging Strike
1-1: Called Strike
1-2: Ball
2-2: Strikes out looking
Top of the 5th over - 0 runs, 0 hits, 0 errors, 1 left on base; Salt Lake City 1 - Athletic Club KC 1
BOTTOM OF THE 5TH
Athletic Club KC Reserves batting - Pitching for Salt Lake City Buzz : RHP Matko Perisc
Batting: SHB Sul-shik Yu 0-0: Ball
1-0: Swinging Strike
1-1: SINGLE (Line Drive, 9S)
Batting: RHB Arturo Annunziato 0-0: Called Strike
0-1: Fielders Choice at 2nd, 6-4 (Groundball, 6)
Batting: RHB Tasuku Goto 0-0: Ball
1-0: Called Strike
1-1: Ball
2-1: SINGLE (Line Drive, 78S)
Arturo Annunziato to second
Pitching: RHP Ed Shreves
Batting: LHB Onye Mahusay 0-0: Called Strike
0-1: Called Strike
0-2: Ball
1-2: Strikes out swinging
Batting: LHB Matt Herman 0-0: Ball
1-0: Swinging Strike
1-1: Swinging Strike
1-2: Ball
2-2: Strikes out swinging
Bottom of the 5th over - 0 runs, 2 hits, 0 errors, 2 left on base; Salt Lake City 1 - Athletic Club KC 1
TOP OF THE 6TH
Salt Lake City Buzz batting - Pitching for Athletic Club KC Reserves : LHP Jesús Otero
Now in RF: Chi-hun Chong
Batting: RHB Luo-lang Li 0-0: Fly out, F9 (Line Drive, 89M)
Batting: LHB Roberto Soto 0-0: Called Strike
0-1: Foul Ball, location: 2F
0-2: Ball
1-2: Ball
2-2: Strikes out swinging
Batting: RHB Christian Gentry 0-0: Fly out, F8 (Flyball, 8RXD)
Top of the 6th over - 0 runs, 0 hits, 0 errors, 0 left on base; Salt Lake City 1 - Athletic Club KC 1
BOTTOM OF THE 6TH
Athletic Club KC Reserves batting - Pitching for Salt Lake City Buzz : RHP Ed Shreves
Batting: LHB Kwang-chih Feng 0-0: Ball
1-0: Swinging Strike
1-1: Foul Ball, location: 2F
1-2: Strikes out swinging
Batting: LHB Tony García 0-0: Ball
1-0: Ball
2-0: Ball
3-0: Base on Balls
Batting: LHB Michael Woodard 0-0: Fly out, F7 (Flyball, 7S)
Batting: RHB Tony Osorio 0-0: Called Strike
0-1: Ball
1-1: Ground out 5-3 (Groundball, 56S)
Bottom of the 6th over - 0 runs, 0 hits, 0 errors, 1 left on base; Salt Lake City 1 - Athletic Club KC 1
TOP OF THE 7TH
Salt Lake City Buzz batting - Pitching for Athletic Club KC Reserves : LHP Jesús Otero
Batting: RHB Michael Walters 0-0: Ball
1-0: Foul Ball, location: 2F
1-1: Ball
2-1: Ball
3-1: SOLO HOME RUN (Line Drive, 78XD), Distance : 378 ft
Batting: RHB Yoichibei Chikafuji 0-0: Ball
1-0: Ball
2-0: Foul Ball, location: 2F
2-1: Foul Ball, location: 2F
2-2: SINGLE (Groundball, 56D)
Batting: RHB Vicente Cruz 0-0: Bunt missed!
0-1: Ball
1-1: Bunt - Flyout! F3
Batting: SHB Juan Rivas 0-0: Called Strike
0-1: Ball
Yoichibei Chikafuji is caught stealing 2nd base
1-1: Called Strike
1-2: Ball
2-2: Ball
3-2: Fly out, F9 (Line Drive, 89D)
Top of the 7th over - 1 run, 2 hits, 0 errors, 0 left on base; Salt Lake City 2 - Athletic Club KC 1
BOTTOM OF THE 7TH
Athletic Club KC Reserves batting - Pitching for Salt Lake City Buzz : RHP Ed Shreves
Batting: LHB Chi-hun Chong 0-0: Called Strike
0-1: Ball
1-1: Swinging Strike
1-2: Ball
2-2: Strikes out swinging
Batting: RHB Arturo Annunziato 0-0: Called Strike
0-1: Swinging Strike
0-2: Foul Ball, location: 2F
0-2: Strikes out looking
Batting: RHB Tasuku Goto 0-0: Fly out, F7 (Flyball, 7LDF)
Bottom of the 7th over - 0 runs, 0 hits, 0 errors, 0 left on base; Salt Lake City 2 - Athletic Club KC 1
TOP OF THE 8TH
Salt Lake City Buzz batting - Pitching for Athletic Club KC Reserves : LHP Jesús Otero
Batting: RHB Scott Ramsey 0-0: Ball
1-0: Ball
2-0: Ball
3-0: Base on Balls
Batting: RHB Fytor Ceia 0-0: Ball
1-0: Foul Ball, location: 2F
1-1: Swinging Strike
1-2: SINGLE (Line Drive, 89S)
Scott Ramsey to second
Batting: RHB Luo-lang Li 0-0: Called Strike
0-1: Ball
1-1: Foul Ball, location: 2F
1-2: 3-RUN HOME RUN (Line Drive, 7LD), Distance : 331 ft
Pitching: RHP Rafael Valadez
Batting: LHB Roberto Soto 0-0: Ball
1-0: Ball
2-0: Called Strike
2-1: Called Strike
2-2: Foul Ball, location: 2F
2-2: Foul Ball, location: 2F
2-2: Ball
3-2: Foul Ball, location: 2F
3-2: Foul Ball, location: 2F
3-2: Foul Ball, location: 2F
3-2: Fly out, F8 (Flyball, 8LD)
Batting: RHB Christian Gentry 0-0: Foul Ball, location: 2F
0-1: Foul Ball, location: 2F
0-2: Ball
1-2: Ball
2-2: DOUBLE (Line Drive, 7LM)
Batting: RHB Michael Walters 0-0: Called Strike
0-1: Swinging Strike
0-2: Ball
1-2: Strikes out swinging
Batting: RHB Yoichibei Chikafuji 0-0: Ball
1-0: Called Strike
1-1: Ball
2-1: Foul Ball, location: 2F
2-2: Ball
3-2: SINGLE (Flyball, 9S)
Christian Gentry to third
Christian Gentry scores
Batting: RHB Vicente Cruz 0-0: Ball
1-0: Ball
Yoichibei Chikafuji steals 2nd base
2-0: Called Strike
2-1: Ball
3-1: Called Strike
3-2: Ground out U3 (Groundball, 34S)
Top of the 8th over - 4 runs, 4 hits, 0 errors, 1 left on base; Salt Lake City 6 - Athletic Club KC 1
BOTTOM OF THE 8TH
Athletic Club KC Reserves batting - Pitching for Salt Lake City Buzz : RHP Ed Shreves
Now at SS: Alejandro Herrera
Batting: LHB Onye Mahusay 0-0: Ball
1-0: Foul Ball, location: 2F
1-1: Foul Ball, location: 2F
1-2: Ball
2-2: Foul Ball, location: 2F
2-2: Ground out U3 (Groundball, 34)
Batting: LHB Matt Herman 0-0: Ball
1-0: Fly out, F3 (Line Drive, 34)
Batting: LHB Kwang-chih Feng 0-0: Called Strike
0-1: Ground out 4-3 (Groundball, 4)
Bottom of the 8th over - 0 runs, 0 hits, 0 errors, 0 left on base; Salt Lake City 6 - Athletic Club KC 1
TOP OF THE 9TH
Salt Lake City Buzz batting - Pitching for Athletic Club KC Reserves : RHP Rafael Valadez
Batting: SHB Juan Rivas 0-0: Foul Ball, location: 2F
0-1: Ground out 4-3 (Groundball, 4)
Batting: RHB Scott Ramsey 0-0: Foul Ball, location: 2F
0-1: Called Strike
0-2: Strikes out looking
Batting: RHB Fytor Ceia 0-0: Ball
1-0: Foul Ball, location: 2F
1-1: Ball
2-1: Ball
3-1: Foul Ball, location: 2F
3-2: Ground out 6-3 (Groundball, 6)
Top of the 9th over - 0 runs, 0 hits, 0 errors, 0 left on base; Salt Lake City 6 - Athletic Club KC 1
BOTTOM OF THE 9TH
Athletic Club KC Reserves batting - Pitching for Salt Lake City Buzz : RHP Ed Shreves
Batting: LHB Tony García 0-0: Ball
1-0: Called Strike
1-1: SINGLE (Flyball, 9S)
Batting: LHB Michael Woodard 0-0: Ball
1-0: Fly out, F8 (Flyball, 8LS)
Batting: RHB Tony Osorio 0-0: Ball
1-0: Foul Ball, location: 2F
1-1: Ball
2-1: Foul Ball, location: 2F
2-2: Foul Ball, location: 2F
2-2: Foul Ball, location: 2F
2-2: Ball
3-2: Foul Ball, location: 2F
3-2: Base on Balls
Tony García to second
Batting: LHB Chi-hun Chong 0-0: Ball
1-0: Foul Ball, location: 2F
1-1: Foul Ball, location: 2F
1-2: Fielders Choice at 2nd, 6-4 (Groundball, 6)
Tony García to third
Pitching: RHP Stephen Knight
Batting: RHB Arturo Annunziato 0-0: Ball
1-0: Ball
2-0: Ball
3-0: Called Strike
3-1: Base on Balls
Chi-hun Chong to second
Pitching: RHP Luis Bejarano
Batting: RHB Tasuku Goto 0-0: Ball
1-0: DOUBLE (Line Drive, 8LD)
Tony García scores
Chi-hun Chong scores
Arturo Annunziato to third
Batting: LHB Onye Mahusay 0-0: Called Strike
0-1: Ball
1-1: Foul Ball, location: 2F
1-2: Ball
2-2: Ball
3-2: Strikes out swinging
Bottom of the 9th over - 2 runs, 2 hits, 0 errors, 2 left on base; Salt Lake City 6 - Athletic Club KC 3
Saturday, December 22nd, 2018 - OOTP Baseball 18.8 Build 76